AoeStats
← HaRaDrIaM

Arabia

510324764Analyzed
1v1 RM · 19h ago on Sep 30, 2026· 35m 21s· 2 players
Game mode
Random Map
Map size
Tiny (2 player)
Population
200
Speed
Normal
Resources
Standard
Victory
Conquest
Starting age
Dark Age
Ending age
Imperial Age
RankedLock teamsTeams togetherTeam positionsShared explorationLock speedFull tech treeHidden civsTurbo modeCheats
Victory
Defeat
🇪🇸 Malians · Spain
1247
+15
🇪🇨 Maya · Ecuador
1229
-15
carlobanchon
0:34 Loom
10:10 Feudal Age
10:32 Man-at-Arms
14:03 Double-Bit Axe
14:07 Horse Collar
16:59 Scale Mail Armor
22:43 Castle Age
21:07 Gold Mining
21:10 Fletching
22:47 Crossbowman
22:49 Eagle Warrior
23:45 Bodkin Arrow
25:56 Chain Mail Armor
30:36 Forging
30:12 Pikeman
31:39 Squires
32:18 Iron Casting
33:23 Town Watch
35:26 Wheelbarrow
HaRaDrIaM
6:46 Loom
9:12 Feudal Age
10:13 Double-Bit Axe
14:47 Fletching
15:43 Padded Archer Armor
21:24 Castle Age
20:17 Forging
20:15 Scale Barding Armor
20:21 Gold Mining
21:18 Bloodlines
21:18 Horse Collar
23:12 Wheelbarrow
28:03 Hand Cart
28:12 Hand Cart
27:43 Town Watch
27:49 Town Watch
31:53 Light Cavalry
32:34 Husbandry
34:08 Iron Casting
34:17 Heavy Plow
34:29 Bow Saw
Connection lost

Rejoining the realm…

Still unreachable

The connection could not be restored.

Session expired

The server has moved on; the page needs a fresh start.